 Dungeon Crawl Stone Soup version 0.18.1-8-gdd0e5ea (webtiles) character file.

36610 sveltemanboy the Spear-Bearer (level 13, -1/99 HPs)
             Began as a Demonspawn Gladiator on May 21, 2016.
             Was a Priest of Ru.
             Slain by an entropy weaver (8 damage)
             ... on level 5 of the Lair of Beasts on May 22, 2016.
             The game lasted 00:51:42 (18077 turns).

sveltemanboy the Spear-Bearer (DsGl)               Turns: 18077, Time: 00:51:43

Health: -1/99      AC: 12    Str: 24      XL:     13   Next: 53%
Magic:  16/16      EV: 12    Int:  4 (7)  God:    Ru [***...]
Gold:   1039       SH: 13    Dex: 14 (15) Spells: 0 memorised, 12 levels left

rFire  + . .     SeeInvis .     a - +1 trident
rCold  . . .     Gourm    .     c - +4 chain mail of Rehugamag {rElec}
rNeg   . . .     Faith    .     b - +0 shield
rPois  .         Spirit   .     h - +1 helmet
rElec  +         Dismiss  .     D - +0 cloak
rCorr  +         Reflect  .     (gloves unavailable)
SustAt .         Harm     .     O - +1 pair of boots
MR     +....     Clarity  +     R - amulet of regeneration
Stlth  ..........               M - ring of protection from magic
                                j - ring of resist corrosion

@: corroded, no scrolls, somewhat resistant to hostile enchantments, extremely
unstealthy
A: claws 3, fangs 1, talons 1, repulsion field 2, agile 1, blink, clarity,
demonic guardian 1, dopey 1, fire resistance 1, mutation resistance 1,
nightstalker 1, slow regeneration 1, strong 1, subdued magic 1, inability to
read while threatened, no stealth, no fire magic, no hexes magic, no summoning
magic
a: Blink, Draw Out Power, Renounce Religion


You were on level 5 of the Lair of Beasts.
You worshipped Ru.
Ru was most pleased with you.
You were very hungry.

You visited 2 branches of the dungeon, and saw 17 of its levels.

You collected 1039 gold pieces.

Inventory:

Hand Weapons
 a - a +1 trident (weapon)
Missiles
 d - 7 throwing nets
 e - 28 tomahawks (quivered)
 w - 12 javelins
Armour
 b - a +0 shield (worn)
 c - the +4 chain mail of Rehugamag (worn) {rElec}
   (You found it on level 9 of the Dungeon)

   It insulates you from electricity.
 h - a +1 helmet (worn)
 D - a +0 cloak (worn)
 O - a +1 pair of boots (worn)
Jewellery
 j - a ring of resist corrosion (left claw)
 z - an uncursed ring of ice
 L - an uncursed ring of see invisible
 M - a ring of protection from magic (right claw)
 R - an amulet of regeneration (around neck)
Wands
 g - a wand of polymorph (0/24)
 l - a wand of confusion (25/48)
 p - a wand of hasting (2/9)
 v - a wand of digging (16/24)
 B - a wand of confusion (12/48)
Scrolls
 k - 2 scrolls of enchant weapon
 q - 5 scrolls of remove curse
 t - 7 scrolls of teleportation
 u - 2 scrolls of enchant armour
 x - 2 scrolls of fog
 A - 4 scrolls of identify
 E - 5 scrolls of recharging
 H - a scroll of silence
 J - 2 scrolls of fear
Potions
 m - 2 potions of curing
 C - 2 potions of flight
 I - 2 potions of cancellation
Comestibles
 f - 16 bread rations


   Skills:
 + Level 8.7 Fighting
 - Level 14.0 Polearms
 - Level 1.7 Throwing
 - Level 7.0 Armour
 - Level 2.6 Dodging
 + Level 11.6 Shields
 + Level 5.2 Evocations


You had 12 spell levels left.
You didn't know any spells.

Dungeon Overview and Level Annotations

Branches:
Dungeon (12/15)            Temple (0/1) D:4            Lair (5/8) D:9
  Swamp (0/4) Lair:4       Spider (0/4) Lair:4          Orc (0/2) D:9

Altars:
Ashenzari
Cheibriados
Fedhas
Pakellas
Ru
Sif Muna
Vehumet
Xom
The Shining One

Shops:
D:9 :   D:11 (

Portals:
Trove: D:11 (show slimy rune of Zot)

Annotations:
Lair:3 exclusion: oklob plant


Innate Abilities, Weirdness & Mutations

You have claws for hands.
You are surrounded by a moderate repulsion field (EV +3).
A weak demonic guardian rushes to your aid.
You are slightly more attuned to the shadows.
You regenerate slowly when monsters are visible.
You cannot read scrolls while threatened.
You cannot be stealthy.
You cannot study or cast Fire magic.
You cannot study or cast Hexes magic.
You cannot study or cast Summoning magic.
You have very sharp teeth.
You have sharp toenails.
You are agile. (Dex +2)
You can translocate small distances at will.
You possess an exceptional clarity of mind.
You are dopey. (Int -2)
Your flesh is heat resistant.
You are somewhat resistant to further mutation.
Your muscles are strong. (Str +2)
Your spells are a little easier to cast, but a little less powerful.


Message History

* * * LOW HITPOINT WARNING * * *
The entropy weaver hits you.
* * * LOW HITPOINT WARNING * * *
Unknown command.
Your shield and chain mail of Rehugamag prevent you from hitting the entropy weaver.
Your bite misses the entropy weaver.
The entropy weaver is almost dead.
You block the entropy weaver's attack.
The entropy weaver completely misses you.
The entropy weaver hits you.
* * * LOW HITPOINT WARNING * * *
The entropy weaver closely misses you.
Your crimson imp hits the entropy weaver but does no damage.
Unknown command.
Drink which item? (? for menu, Esc to quit)
You feel better. The entropy weaver hits you.
* * * LOW HITPOINT WARNING * * *
You block the entropy weaver's attack. The entropy weaver barely misses you.
The entropy weaver hits you!
You die...

...## ######
#P...##...#.P
............
...........
#.......#
#.p....#
#@5...#
#.....#
#....##
##....#
##....##
#.....P#
#.....##
##......#
#.....###


You could see an entropy weaver and a friendly crimson imp.

Vanquished Creatures
  Gastronok (Lair:3)
  A ghost moth (Lair:4)
  Fannar (Lair:3)
  Harold (Lair:3)
  2 hydras
  2 unseen horrors
  4 hill giants
  2 manticores (D:12)
  A griffon (Lair:3)
  An ugly thing (D:12)
  5 elephants (Lair:4)
  Maurice (D:9)
  2 black mambas (Lair:4)
  18 spiny frogs
  A gargoyle (D:10)
  5 komodo dragons
  A troll (D:6)
  A polar bear (Lair:4)
  3 blink frogs (Lair:4)
  A two-headed ogre (D:9)
  A wraith (D:11)
  26 yaks
  3 hippogriffs
  A human (D:8)
  2 basilisks (Lair:3)
  2 mottled dragons (D:9)
  3 wargs (D:9)
  A soldier ant (D:12)
  4 porcupines
  5 water moccasins
  3 ice beasts
  3 phantoms
  A wasp (Lair:4)
  A necrophage (D:9)
  7 orc warriors
  6 sky beasts
  An eye of draining (D:12)
  10 ogres
  14 centaurs
  17 wolves
  6 crocodiles
  A big kobold (D:12)
  10 giant frogs
  2 wyvern skeletons
  5 scorpions
  8 killer bees
  7 wights
  A howler monkey (D:5)
  An electric eel (Lair:4)
  2 crimson imps
  A giant frog zombie (D:5)
  5 hounds
  3 jellies
  2 giant frog skeletons
  7 orc priests
  A centaur skeleton (D:12)
  7 iguanas
  13 orc wizards
  10 worker ants
  4 sheep
  2 hound skeletons
  5 gnolls
  2 howler monkey skeletons
  15 river rats
  12 adders
  5 shadow imps
  An ooze (D:2)
  An adder skeleton (D:7)
  5 worms
  3 dart slugs
  7 giant geckos
  35 orcs
  4 ball pythons (D:2)
  6 giant cockroaches
  8 goblins
  7 hobgoblins
  2 jackals (D:9)
  5 quokkas
  6 bats
  A giant cockroach zombie (D:6)
  4 giant newts
  9 kobolds
  2 quokka skeletons (D:4)
  8 rats
416 creatures vanquished.

Vanquished Creatures (collateral kills)
  Erica (D:9)
  A hill giant (D:12)
  A spiny frog (Lair:1)
  A hungry ghost (D:7)
  A sky beast (D:5)
  An orc warrior (D:9)
  A phantom (D:7)
  3 wolves
  A giant frog (D:3)
  2 killer bees
  An orc priest (D:5)
  A giant frog skeleton (D:8)
  A worker ant (Lair:4)
  A gnoll (D:3)
  A giant gecko (D:4)
  An orc (D:7)
19 creatures vanquished.

Vanquished Creatures (others)
  A komodo dragon (Lair:4)
  A giant frog zombie (D:12)
  4 fungi
  6 plants
12 creatures vanquished.

Grand Total: 447 creatures vanquished

Notes
Turn   | Place    | Note
--------------------------------------------------------------
     0 | D:1      | sveltemanboy the Demonspawn Gladiator began the quest for the Orb.
     0 | D:1      | Reached XP level 1. HP: 16/16 MP: 1/1
   162 | D:1      | Reached skill level 3 in Polearms
   221 | D:1      | Gained mutation: A weak demonic guardian rushes to your aid. [demonic ancestry]
   221 | D:1      | Reached XP level 2. HP: 20/22 MP: 2/2
   765 | D:2      | Reached skill level 1 in Armour
  1087 | D:2      | Found a sacrificial altar of Ru.
  1091 | D:2      | Became a worshipper of Ru the Awakened
  1140 | D:2      | Reached XP level 3. HP: 27/27 MP: 3/3
  1496 | D:2      | Reached skill level 4 in Polearms
  1496 | D:2      | Gained mutation: You are surrounded by a mild repulsion field (EV +2). [demonic ancestry]
  1496 | D:2      | Reached XP level 4. HP: 16/33 MP: 4/4
  2058 | D:3      | You fall through a shaft!
  2058 | D:4      | Found a staircase to the Ecumenical Temple.
  2058 | D:4      | Noticed an ogre
  2064 | D:4      | Killed an ogre
  2064 | D:4      | Gained mutation: You are slightly more attuned to the shadows. [demonic ancestry]
  2064 | D:4      | Reached XP level 5. HP: 32/38 MP: 5/5
  2154 | D:4      | Reached skill level 5 in Polearms
  2268 | D:3      | Reached XP level 6. HP: 23/44 MP: 6/6
  2461 | D:3      | Gained mutation: You cannot be stealthy. [Ru sacrifice]
  2490 | D:3      | Found a glowing golden altar of the Shining One.
  2962 | D:4      | Reached skill level 6 in Polearms
  3418 | D:4      | Reached XP level 7. HP: 47/50 MP: 7/7
  3695 | D:4      | Found a deep blue altar of Sif Muna.
  3808 | D:5      | Entered Level 5 of the Dungeon
  3824 | D:5      | Reached skill level 1 in Shields
  3907 | D:5      | Reached skill level 7 in Polearms
  3929 | D:5      | Gained mutation: You are resistant to hostile enchantments. [mutagenic meat]
  3930 | D:5      | Gained mutation: Scrolls take you a little longer to read. [mutagenic meat]
  3931 | D:5      | Gained mutation: You are weak. (Str -2) [mutagenic meat]
  4062 | D:5      | Gained mutation: You are surrounded by a moderate repulsion field (EV +3). [demonic ancestry]
  4062 | D:5      | Reached XP level 8. HP: 35/56 MP: 8/8
  4609 | D:5      | Reached skill level 8 in Polearms
  4947 | D:6      | Found a shattered altar of Ashenzari.
  5409 | D:6      | Gained mutation: You can translocate small distances at will. [mutagenic meat]
  5410 | D:6      | Gained mutation: You are clumsy. (Dex -2) [mutagenic meat]
  5411 | D:6      | Gained mutation: You regenerate slowly when monsters are visible. [mutagenic meat]
  5412 | D:6      | Gained mutation: Your magical capacity is low (-10% MP). [mutagenic meat]
  5416 | D:6      | Gained mutation: You have sharp fingernails. [potion of mutation]
  5416 | D:6      | Gained mutation: Your spells are a little easier to cast, but a little less powerful. [potion of mutation]
  5416 | D:6      | Gained mutation: You are occasionally teleported next to monsters. [potion of mutation]
  5418 | D:6      | Lost mutation: Scrolls take you a little longer to read. [potion of cure mutation]
  5418 | D:6      | Lost mutation: Your magical capacity is low (-10% MP). [potion of cure mutation]
  5418 | D:6      | Lost mutation: You are occasionally teleported next to monsters. [potion of cure mutation]
  5418 | D:6      | Lost mutation: You are clumsy. (Dex -2) [potion of cure mutation]
  5418 | D:6      | Lost mutation: You are weak. (Str -2) [potion of cure mutation]
  5418 | D:6      | Lost mutation: You are resistant to hostile enchantments. [potion of cure mutation]
  5541 | D:6      | Gained mutation: You have very sharp teeth. [mutagenic meat]
  5542 | D:6      | Gained mutation: You have sharp toenails. [mutagenic meat]
  5543 | D:6      | Gained mutation: You possess an exceptional clarity of mind. [mutagenic meat]
  5544 | D:6      | Lost mutation: You regenerate slowly when monsters are visible. [mutagenic meat]
  5550 | D:6      | Found a shattered altar of Ashenzari.
  5571 | D:6      | Noticed a troll
  5594 | D:6      | Killed a troll
  5594 | D:6      | Reached skill level 9 in Polearms
  5921 | D:6      | Found a radiant altar of Vehumet.
  5952 | D:6      | Found a shimmering altar of Xom.
  5970 | D:6      | Found an oddly glowing altar of Pakellas.
  6302 | D:7      | Gained mutation: You have very sharp fingernails. [demonic ancestry]
  6302 | D:7      | Reached XP level 9. HP: 55/61 MP: 9/9
  6350 | D:7      | Gained mutation: You cannot study or cast Fire magic. [Ru sacrifice]
  6350 | D:7      | Gained mutation: You cannot study or cast Hexes magic. [Ru sacrifice]
  6350 | D:7      | Gained mutation: You cannot study or cast Summoning magic. [Ru sacrifice]
  6350 | D:7      | Reached * piety under Ru
  6593 | D:7      | Reached skill level 10 in Polearms
  6597 | D:7      | Gained mutation: Your flesh is heat resistant. [mutagenic meat]
  6598 | D:7      | Gained mutation: Your muscles are strong. (Str +2) [mutagenic meat]
  6599 | D:7      | Gained mutation: You are agile. (Dex +2) [mutagenic meat]
  6600 | D:7      | Gained mutation: You are dopey. (Int -2) [mutagenic meat]
  6601 | D:7      | Gained mutation: You are very agile. (Dex +4) [mutagenic meat]
  6602 | D:7      | Gained mutation: You are somewhat resistant to further mutation. [mutagenic meat]
  6831 | D:8      | Reached skill level 5 in Shields
  6873 | D:8      | Found a blossoming altar of Fedhas.
  7808 | D:9      | Reached skill level 11 in Polearms
  7811 | D:9      | Found Ynyv's Book Emporium.
  7825 | D:9      | Found a snail-covered altar of Cheibriados.
  7855 | D:9      | Noticed Erica
  7870 | D:9      | Killed Erica
  7870 | D:9      | Reached XP level 10. HP: 62/67 MP: 10/10
  7978 | D:9      | Noticed Maurice
  7999 | D:9      | Killed Maurice
  8142 | D:9      | Got a transparent chain mail
  8169 | D:9      | Identified the +4 chain mail of Rehugamag {rElec} (You found it on level 9 of the Dungeon)
  8297 | D:9      | Reached skill level 12 in Polearms
  8522 | D:9      | Found a staircase to the Lair.
  8851 | D:9      | Found a staircase to the Orcish Mines.
  9080 | D:10     | Entered Level 10 of the Dungeon
  9104 | D:10     | Noticed a hill giant
  9129 | D:10     | Killed a hill giant
  9478 | D:10     | Lost mutation: You are very agile. (Dex +4) [mutagenic meat]
  9644 | D:10     | Noticed a hill giant
  9656 | D:10     | Killed a hill giant
  9770 | D:10     | Noticed a gargoyle
  9782 | D:10     | Killed a gargoyle
  9782 | D:10     | Reached XP level 11. HP: 72/72 MP: 11/11
  9876 | D:11     | Noticed a hill giant
  9892 | D:11     | Killed a hill giant
  9892 | D:11     | Reached skill level 13 in Polearms
 10138 | D:11     | Found Vor Ire's Weapon Boutique.
 10887 | D:11     | Noticed an unseen horror
 10906 | D:11     | Killed an unseen horror
 11441 | D:11     | Found a portal to a secret trove of treasure.
 11693 | D:12     | Reached skill level 14 in Polearms
 11857 | D:12     | Noticed an unseen horror
 11879 | D:12     | Killed an unseen horror
 11909 | D:12     | Noticed a hill giant
 11925 | D:12     | Killed a hill giant
 12126 | D:12     | Noticed a hill giant
 12133 | D:12     | Killed a hill giant
 12138 | D:12     | Noticed a purple ugly thing
 12162 | D:12     | Killed a purple ugly thing
 12651 | Lair:1   | Entered Level 1 of the Lair of Beasts
 12801 | Lair:1   | Reached XP level 12. HP: 71/83 MP: 12/12
 13245 | Lair:1   | Reached skill level 5 in Armour
 13752 | Lair:1   | Reached skill level 5 in Fighting
 13968 | Lair:2   | Gained mutation: You regenerate slowly when monsters are visible. [Ru sacrifice]
 13968 | Lair:2   | Reached ** piety under Ru
 14501 | Lair:2   | Reached skill level 10 in Shields
 14642 | Lair:2   | Noticed a six-headed hydra
 14653 | Lair:2   | Killed a six-headed hydra
 14944 | Lair:3   | Noticed Gastronok
 14965 | Lair:3   | Killed Gastronok
 15179 | Lair:3   | Noticed Fannar
 15226 | Lair:3   | Killed Fannar
 15445 | Lair:3   | Noticed Harold
 15479 | Lair:3   | Killed Harold
 15875 | Lair:4   | Reached skill level 1 in Evocations
 16216 | Lair:4   | Gained mutation: You have claws for hands. [demonic ancestry]
 16216 | Lair:4   | Reached XP level 13. HP: 66/96 MP: 14/14
 16256 | Lair:4   | Found a hole to the Spider Nest.
 16322 | Lair:4   | Gained mutation: You cannot read scrolls while threatened. [Ru sacrifice]
 16322 | Lair:4   | Reached *** piety under Ru
 16858 | Lair:4   | Found a staircase to the Swamp.
 17337 | Lair:4   | Noticed a ghost moth
 17388 | Lair:4   | Killed a ghost moth
 17388 | Lair:4   | Reached skill level 5 in Evocations
 18075 | Lair:5   | HP: 1/99 [entropy weaver (5)]
 18077 | Lair:5   | Slain by an entropy weaver

Skill      XL: |  1  2  3  4  5  6  7  8  9 10 11 12 13 |
---------------+----------------------------------------+-----
Polearms       | 3 4 5 6 7 9 11 12 14 | 14.0
Armour         | 1 2 3 4 7 |  7.0
Shields        | 2 4 6 7 9 10 11 | 11.6
Fighting       | 3 7 8 |  8.7
Evocations     | 2 5 |  5.2
Throwing       | |  1.7
Dodging        | |  2.6

Action                   |  1- 3 |  4- 6 |  7- 9 | 10-12 | 13-15 || total
-------------------------+-------+-------+-------+-------+-------++-------
Melee: Trident           |   132 |   207 |   582 |  1428 |   556 ||  2905
       Kick              |       |       |    79 |   306 |       ||   385
       Bite              |       |       |    32 |   183 |    88 ||   303
Throw: Throwing net      |       |     7 |     2 |       |       ||     9
       Tomahawk          |       |       |    18 |    68 |     7 ||    93
Invok: Sacrifice Stealth |       |     1 |       |       |       ||     1
       Sacrifice Arcana  |       |       |     1 |       |       ||     1
       Reject Sacrifices |       |       |       |     1 |       ||     1
       Sacrifice Purity  |       |       |       |     1 |       ||     1
       Sacrifice Words   |       |       |       |       |     1 ||     1
 Abil: Blink             |       |       |       |       |     1 ||     1
Evoke: Wand              |       |       |     2 |     5 |     8 ||    15
  Use: Potion            |     2 |     1 |     8 |    10 |     8 ||    29
       Scroll            |       |       |    11 |     6 |     4 ||    21
 Stab: Sleeping          |     2 |       |       |       |       ||     2
       Held in net/web   |       |     3 |       |       |       ||     3
       Distracted        |       |     1 |     2 |    13 |     6 ||    22
       Petrifying        |       |       |       |     2 |       ||     2
       Invisible         |       |       |       |     1 |     2 ||     3
       Confused          |       |       |       |       |     1 ||     1
  Eat: Chunk             |     2 |     6 |    32 |    31 |     6 ||    77
       Royal jelly       |       |       |     1 |       |       ||     1
Armor: Leather armour    |    21 |       |       |       |       ||    21
       Scale mail        |    13 |    71 |   183 |       |       ||   267
       Plate armour      |       |       |     1 |    12 |       ||    13
       Chain mail        |       |       |       |   251 |   152 ||   403
Dodge: Dodged            |    60 |   105 |   217 |   260 |   100 ||   742
Block: Shield            |       |       |    50 |   461 |   231 ||   742
